 Dungeon Sprint DCSS version 0.30-a0-956-gcec3b41aec (webtiles) character file.

Game seed: 2715392293719158193

19 sircluck the Chopper (level 2, -1/29 HPs)
             Began as a Hill Orc Berserker on Mar 29, 2023.
             Was a Believer of Trog.
             Slain by a scorpion (3 damage)
             ... in the Dungeon (Sprint VII: "The Pits").
             The game lasted 00:00:42 (212 turns).

sircluck the Chopper (Hill Orc Berserker)            Turns: 212, Time: 00:00:43

Health: -1/29      AC:  2    Str: 19    XL:     2   Next: 75%
Magic:  2/2        EV: 12    Int:  7    God:    Trog [**....]
Gold:   0          SH:  0    Dex: 10    Spells: 1/1 levels left

rFire   . . .      SeeInvis .    a - +0 hand axe
rCold   . . .      Faith    .    (no shield)
rNeg    . . .      Spirit   .    b - +0 animal skin
rPois   .          Reflect  .    (no helmet)
rElec   .          Rampage  .    (no cloak)
rCorr   .          NoTele   +    (no gloves)
Will    .....                    (no boots)
Stlth   +                        (no amulet)
HPRegen 0.24/turn                (no ring)
MPRegen 0.08/turn                (no ring)

@: lethally poisoned (-1 -> -8)
A: no striking features
a: Renounce Religion, Berserk, Trog's Hand


You were in the Dungeon.
You worshipped Trog.
Trog was pleased with you.
You visited 1 branch

Inventory:

Hand Weapons
 a - a +0 hand axe (weapon)
 i - a +2 hand axe
Missiles
 n - 9 stones (quivered)
Armour
 b - a +0 animal skin (worn)
Scrolls
 h - a scroll of blinking
 k - a scroll of summoning
 l - 5 scrolls of amnesia
 m - 2 scrolls of vulnerability
Potions
 c - a potion of curing
 d - a potion of heal wounds
 e - a potion of haste
 f - 4 potions of magic
 g - 3 potions of berserk rage
 j - 2 potions of invisibility


   Skills:
 + Level 5.2 Fighting
 + Level 5.9 Axes
 + Level 2.8 Armour
 + Level 2.1 Dodging


You had one spell level left.
You didn't know any spells.
Your spell library was empty.

Dungeon Overview and Level Annotations

Branches:
Dungeon (1/1)

Altars:
Ashenzari
Cheibriados
Dithmenos
Elyvilon
Fedhas
Gozag
Hepliaklqana
Kikubaaqudgha
Makhleb
Nemelex Xobeh
Okawaru
Qazlal
Ru
Sif Muna
Trog
Uskayaw
Vehumet
Wu Jian
Xom
Yredelemnul
Zin
The Shining One
Beogh
Jiyva
Lugonu


Message History

You hit the scorpion.
The scorpion is lightly wounded.
The scorpion stings you.
You hit the scorpion but do no damage.
The scorpion is lightly wounded.
The scorpion stings you. The scorpion barely misses you.
You completely miss the scorpion.
The scorpion is lightly wounded.
The scorpion stings you.
You hit the scorpion but do no damage.
The scorpion is lightly wounded.
The scorpion barely misses you.
You hit the scorpion.
The scorpion is moderately wounded.
The scorpion barely misses you.
You hit the scorpion.
The scorpion is heavily wounded.
The scorpion barely misses you. x2
You closely miss the scorpion.
The scorpion is heavily wounded.
The scorpion barely misses you.
You closely miss the scorpion.
The scorpion is moderately wounded.
The scorpion stings you.
You are lethally poisoned!
The scorpion poisons you!
You closely miss the scorpion.
The scorpion is moderately wounded.
You feel very sick. The scorpion closely misses you.
You hit the scorpion but do no damage.
The scorpion is moderately wounded.
* * * LOW HITPOINT WARNING * * *
You feel sick. The scorpion misses you. The scorpion stings you.
* * * LOW HITPOINT WARNING * * *
You hit the scorpion.
The scorpion is heavily wounded.
* * * LOW HITPOINT WARNING * * *
You feel sick. The scorpion stings you.
You die...

#_________.#
#_______...###########
##########'##.........
#....')))'.##......#..
##########.##.........
#...........'.........
#+#####†#####......#..
#.....# #.........
#..@..# ####'#####
###s### #.......# ...
#.......# .....
#.......# ####+##
#...<...# #.......#
#.......# #.......#
#########


You could see a scorpion.

Vanquished Creatures
  An adder (D)
  An ufetubus (D)
  3 jackals (D)
  A goblin (D)
6 creatures vanquished.

Notes
Turn   | Place    | Note
-------+----------+-------------------------------------------
     0 | D        | sircluck the Hill Orc Berserker began the quest for the
                  | Orb.
     0 | D        | Reached XP level 1. HP: 19/19 MP: 1/1
    16 | D        | Reached skill level 5 in Axes
    16 | D        | Reached XP level 2. HP: 8/28 MP: 2/2
    21 | D        | Found a bloodstained altar of Trog.
    21 | D        | Found a shimmering blue altar of Sif Muna.
    21 | D        | Found a viscous altar of Jiyva.
    21 | D        | Found a hazy altar of Hepliaklqana.
    21 | D        | Found an opulent altar of Gozag.
    22 | D        | Found a glowing golden altar of the Shining One.
    22 | D        | Found a glowing silver altar of Zin.
    22 | D        | Found a basalt altar of Yredelemnul.
    22 | D        | Found a shimmering altar of Xom.
    22 | D        | Found an ornate altar of the Wu Jian Council.
    22 | D        | Found a sacrificial altar of Ru.
    22 | D        | Found a stormy altar of Qazlal.
    22 | D        | Found an iron altar of Okawaru.
    22 | D        | Found a sparkling altar of Nemelex Xobeh.
    22 | D        | Found a burning altar of Makhleb.
    22 | D        | Found a blossoming altar of Fedhas.
    22 | D        | Found a white marble altar of Elyvilon.
    22 | D        | Found a shadowy altar of Dithmenos.
    22 | D        | Found a snail-covered altar of Cheibriados.
    24 | D        | Found a corrupted altar of Lugonu.
    24 | D        | Found a radiant altar of Vehumet.
    24 | D        | Found a roughly hewn altar of Beogh.
    25 | D        | Found an ancient bone altar of Kikubaaqudgha.
    25 | D        | Found a hide-covered altar of Uskayaw.
    25 | D        | Found a broken altar of Ashenzari.
   126 | D        | Reached skill level 5 in Fighting
   130 | D        | Reached ** piety under Trog
   198 | D        | Noticed a scorpion
   212 | D        | Slain by a scorpion

Illustrated notes

Levels and vault maps discovered:
D:        pitsprint [storerooms_1, entrance_room_1, metal_vault_3, armoury_3,
          mini_pit_1, grid_room_1, main_hall_1, silver_pit, the_coven_1,
          the_vestibule_1, steel_vault_5, golden_pit, hallway_of_sentries,
          crystal_vault_2, iron_vault_4, final_vault]

Skill      XL: |  1  2 |
---------------+-------+-----
Fighting       | 4 5 |  5.2
Axes           | 5 |  5.9
Dodging        | 2 |  2.1
Armour         | |  2.8

Action                     || total
---------------------------++-------
  Melee: Hand axe          ||    33
  Throw: Stone             ||     1
 Armour: Animal skin       ||     3
  Dodge: Dodged            ||    28

Table legend: (Time is in decaauts)
 A = Elapsed time spent in this place.
 B = Non-inter-level travel time spent in this place.
 C = Inter-level travel time spent in this place.
 D = Time resting spent in this place.
 E = Time spent auto-exploring this place.
 F = Levels seen in this place.
 G = Mean time per level.
                   A        B        C        D        E       F      G
               +--------+--------+--------+--------+--------+-----+--------+
         Total |    213 |    186 |     27 |     55 |     73 |   1 |  213.0 |
       Dungeon |    213 |    186 |     27 |     55 |     73 |   1 |  213.0 |
               +--------+--------+--------+--------+--------+-----+--------+

Top non-repeatable levels by time:
       D: 213 daAuts
